 Dungeon Crawl Stone Soup version 0.25-b1-37-g2669288c55 (webtiles) character file.

Game seed: 9240499730881433152

322 Chiseanne the Skirmisher (level 6, -2/53 HPs)
             Began as a Gnoll Wanderer on June 4, 2020.
             Slain by a scorpion (4 damage)
             ... on level 4 of the Dungeon.
             The game lasted 00:12:32 (3398 turns).

Chiseanne the Skirmisher (Gnoll Wanderer)           Turns: 3398, Time: 00:12:32

Health: -2/53      AC:  5    Str: 17    XL:     6   Next: 47%
Magic:  8/8        EV: 16    Int: 11    God:
Gold:   126        SH:  0    Dex: 17    Spells: 6/8 levels left

rFire    . . .     SeeInvis .   a - +5 short sword
rCold    . . .     Gourm    .   (no shield)
rNeg     . . .     Faith    .   e - +1 robe
rPois    .         Spirit   .   (no helmet)
rElec    .         Reflect  .   g - +1 cloak
rCorr    .         Harm     .   (no gloves)
MR       .....                  (no boots)
Stlth    ++........             r - amulet of magic regeneration
HPRegen  0.17/turn              h - ring of flight
MPRegen  0.36/turn              o - +4 ring of evasion

@: brilliant, lethally poisoned (-2 -> -13)
A: distributed training, fangs 1, strong nose
a: Evoke Flight


You were on level 4 of the Dungeon.
You were not hungry.

You visited 1 branch of the dungeon, and saw 4 of its levels.

You collected 126 gold pieces.

Inventory:

Hand Weapons
 a - a +5 short sword (weapon)
 w - a +2 hunting sling of flaming
Missiles
 b - a curare-tipped dart
 c - 14 arrows
 d - 22 sling bullets
 i - 43 bolts
 j - 9 stones (quivered)
Armour
 e - a +1 robe (worn)
 g - a +1 cloak (worn)
Jewellery
 h - a ring of flight (left hand)
 o - a +4 ring of evasion (right hand)
 r - an amulet of magic regeneration (around neck)
Scrolls
 k - 2 scrolls of amnesia
 s - a scroll of remove curse
Potions
 l - a potion of might {unknown}
 m - a potion of degeneration {unknown}
 n - a potion of magic
 p - a potion of curing {unknown}
Comestibles
 f - 6 rations
 t - 4 chunks of flesh


   Skills:
 + Level 6.8 Fighting
 + Level 1.9 Short Blades
 + Level 1.9 Long Blades
 + Level 1.9 Axes
 + Level 3.2 Maces & Flails
 + Level 1.9 Polearms
 + Level 5.0 Staves
 + Level 1.9 Slings
 + Level 1.9 Bows
 + Level 1.9 Crossbows
 + Level 5.0 Throwing
 + Level 5.0 Armour
 + Level 1.9 Dodging
 + Level 1.9 Stealth
 + Level 1.9 Shields
 + Level 1.9 Unarmed Combat
 + Level 1.9 Spellcasting
 + Level 1.5 Conjurations
 + Level 1.5 Hexes
 + Level 1.5 Charms
 + Level 1.5 Summonings
 + Level 1.5 Necromancy
 + Level 1.5 Translocations
 + Level 1.5 Transmutations
 + Level 1.5 Fire Magic
 + Level 1.5 Ice Magic
 + Level 1.5 Air Magic
 + Level 1.5 Earth Magic
 + Level 1.5 Poison Magic
 + Level 2.1 Invocations
 + Level 1.9 Evocations


You had 6 spell levels left.
You knew the following spells:

 Your Spells              Type           Power        Failure   Level  Hunger
a - Ensorcelled Hibernat  Hex/Ice        #.....       24%         2    None

Your spell library contained the following spells:

 Spells                   Type           Power        Failure   Level  Hunger
 Corona                   Hex            #......      16%         1    None
 Confusing Touch          Hex            #.......     43%         3    None
 Dazzling Flash           Conj/Hex       #.....       43%         3    None
 Tukima's Dance           Hex            #.......     43%         3    None


Dungeon Overview and Level Annotations

Branches:
Dungeon (4/15)
 Temple: D:4-7

Altars:
Dithmenos
Fedhas
Zin

Annotations:
D:1 exclusion: 2 downstairs
D:2 Grinder


Innate Abilities, Weirdness & Mutations

Your experience applies equally to all skills.
You have very sharp teeth.
Your uncanny sense of smell can sniff out nearby items.


Message History

The scorpion stings you but does no damage.
You hit the scorpion.
The scorpion is almost dead.
The scorpion stings you.
You hit the scorpion but do no damage.
The scorpion is almost dead.
You feel sick. The scorpion stings you!
* * * LOW HITPOINT WARNING * * *
You are lethally poisoned!
The scorpion poisons you!
You hit the scorpion.
The scorpion is almost dead.
* * * LOW HITPOINT WARNING * * *
You feel sick. The scorpion stings you.
* * * LOW HITPOINT WARNING * * *
It was a potion of brilliance.
You feel clever all of a sudden.
* * * LOW HITPOINT WARNING * * *
You feel sick. The scorpion stings you.
You die...

.. #.## ##### ..#
###....## #.##
##.......# #..#
#......... ##.##
#)........ #..#
#......... ##.##
#......... #.@#
##........ ### ##s##
###......[.. #.##
#(.####...........
#..#
####(##...###.......
#..#######........##
#.......
#.......#....(..###
#.......
#..#.#.......((...##
##......
#......##.....((...##
#.....#
##.#.#.##......<....#
##.....


You could see a scorpion.

Vanquished Creatures
  An ogre (D:4)
  2 hounds
  An orc priest (D:3)
  An iguana (D:4)
  A hound zombie (D:4)
  2 adders (D:2)
  2 oozes (D:1)
  An adder zombie (D:3)
  2 worms (D:2)
  3 leopard geckos
  10 orcs
  3 giant cockroaches
  4 hobgoblins
  7 jackals
  3 bats (D:3)
  2 frilled lizards (D:1)
  4 goblins
  8 kobolds
  A leopard gecko zombie (D:3)
  2 rats
60 creatures vanquished.

Notes
Turn   | Place    | Note
-------+----------+-------------------------------------------
     0 | D:1      | Chiseanne the Gnoll Wanderer began the quest for the Orb.
     0 | D:1      | Chiseanne set off with the following items: a +2 dagger, a
                  | curare-tipped dart, a +0 spear, a +0 quarterstaff, a +0
                  | robe, a ration
     0 | D:1      | Reached XP level 1. HP: 23/23 MP: 1/1
    59 | D:1      | Reached XP level 2. HP: 22/29 MP: 2/2
   800 | D:1      | Reached XP level 3. HP: 22/35 MP: 3/3
  1017 | D:2      | Reached skill level 1 in Invocations
  1143 | D:2      | Reached skill level 1 in Short Blades
  1143 | D:2      | Reached skill level 1 in Long Blades
  1143 | D:2      | Reached skill level 1 in Axes
  1143 | D:2      | Reached skill level 1 in Polearms
  1143 | D:2      | Reached skill level 1 in Slings
  1143 | D:2      | Reached skill level 1 in Bows
  1143 | D:2      | Reached skill level 1 in Crossbows
  1143 | D:2      | Reached skill level 1 in Dodging
  1143 | D:2      | Reached skill level 1 in Stealth
  1143 | D:2      | Reached skill level 1 in Shields
  1143 | D:2      | Reached skill level 1 in Unarmed Combat
  1143 | D:2      | Reached skill level 1 in Spellcasting
  1143 | D:2      | Reached skill level 1 in Evocations
  1209 | D:2      | Found a glowing silver altar of Zin.
  1277 | D:2      | Found a shadowy altar of Dithmenos.
  1304 | D:2      | Reached XP level 4. HP: 34/41 MP: 5/5
  1351 | D:2      | Found a blossoming altar of Fedhas.
  1415 | D:3      | Noticed Grinder
  1416 | D:3      | Paralysed by Grinder for 4 turns
  1972 | D:2      | Found a faded altar of an unknown god.
  2511 | D:3      | Learned a level 2 spell: Ensorcelled Hibernation
  2607 | D:3      | Reached skill level 1 in Conjurations
  2607 | D:3      | Reached skill level 1 in Hexes
  2607 | D:3      | Reached skill level 1 in Charms
  2607 | D:3      | Reached skill level 1 in Summonings
  2607 | D:3      | Reached skill level 1 in Necromancy
  2607 | D:3      | Reached skill level 1 in Translocations
  2607 | D:3      | Reached skill level 1 in Transmutations
  2607 | D:3      | Reached skill level 1 in Fire Magic
  2607 | D:3      | Reached skill level 1 in Ice Magic
  2607 | D:3      | Reached skill level 1 in Air Magic
  2607 | D:3      | Reached skill level 1 in Earth Magic
  2607 | D:3      | Reached skill level 1 in Poison Magic
  2607 | D:3      | Reached XP level 5. HP: 26/47 MP: 6/6
  3088 | D:4      | Noticed an ogre
  3310 | D:4      | Killed an ogre
  3310 | D:4      | Reached XP level 6. HP: 53/53 MP: 8/8
  3323 | D:4      | Reached skill level 5 in Staves
  3323 | D:4      | Reached skill level 5 in Throwing
  3323 | D:4      | Reached skill level 5 in Armour
  3398 | D:4      | HP: 2/53 [poisoned by a scorpion]
  3398 | D:4      | Slain by a scorpion

Illustrated notes

Levels and vault maps discovered:
D:1:      dpeg_arrival_tiny_e, layout_basic
D:2:      layout_basic, nicolae_dithmenos_shadow_blocks,
          nicolae_overflow_hidden_temple, chequers_ecumenical_altar_simple,
          first_ration, lemuel_statue_altar
D:3:      layout_basic, uniq_grinder
D:4:      layout_cave_pods, serial_glass, glass_columns_a, glass_columns_b,
          glass_columns_b, glass_columns_a, minmay_diced_spiral

Skill      XL: |  1  2  3  4  5  6 |
---------------+-------------------+-----
Invocations    | 1 2 |  2.1
Short Blades   | 1 |  1.9
Long Blades    | 1 |  1.9
Axes           | 1 |  1.9
Polearms       | 1 |  1.9
Slings         | 1 |  1.9
Bows           | 1 |  1.9
Crossbows      | 1 |  1.9
Dodging        | 1 |  1.9
Stealth        | 1 |  1.9
Shields        | 1 |  1.9
Unarmed Combat | 1 |  1.9
Spellcasting   | 1 |  1.9
Evocations     | 1 |  1.9
Conjurations   | 1 |  1.5
Hexes          | 1 |  1.5
Charms         | 1 |  1.5
Summonings     | 1 |  1.5
Necromancy     | 1 |  1.5
Translocations | 1 |  1.5
Transmutations | 1 |  1.5
Fire Magic     | 1 |  1.5
Ice Magic      | 1 |  1.5
Air Magic      | 1 |  1.5
Earth Magic    | 1 |  1.5
Poison Magic   | 1 |  1.5
Maces & Flails | 3 |  3.2
Staves         | 5 |  5.0
Throwing       | 5 |  5.0
Armour         | 5 |  5.0
Fighting       | |  6.8

Action                   |  1- 3 |  4- 6 || total
-------------------------+-------+-------++-------
Melee: Quarterstaff      |    36 |       ||    36
       Short sword       |    36 |   112 ||   148
       Bite              |     5 |    10 ||    15
       Punch             |       |     1 ||     1
 Fire: Hunting sling     |       |    11 ||    11
Throw: Dart              |       |     1 ||     1
       Stone             |       |     5 ||     5
  Use: Scroll            |     5 |     6 ||    11
       Potion            |       |     1 ||     1
 Stab: Sleeping          |     1 |     2 ||     3
  Eat: Chunk             |     1 |     7 ||     8
Armor: Robe              |     8 |    43 ||    51
Dodge: Dodged            |    36 |    86 ||   122
